 Dungeon Crawl Stone Soup version 0.24.0-125-gc4c63601f3 (webtiles) character file.

Game seed: 13599582165120748309, levelgen mode: deterministic

60897 Frank2 the Basher (level 14, -7/116 HPs)
             Began as a Demonspawn Gladiator on Mar 18, 2020.
             Was the Champion of Makhleb.
             Mangled by a guardian serpent (10 damage)
             ... on level 2 of the Snake Pit.
             The game lasted 00:37:09 (14199 turns).

Frank2 the Basher (Demonspawn Gladiator)           Turns: 14199, Time: 00:37:10

Health: -7/116     AC: 28    Str: 15    XL:     14   Next: 58%
Magic:  21/21      EV:  8    Int: 15    God:    Makhleb [******]
Gold:   699        SH:  0    Dex: 18    Spells: 13/13 levels left

rFire    . . .     SeeInvis .   v - +7 dire flail (freeze)
rCold    + . .     Gourm    .   (shield currently unavailable)
rNeg     . . .     Faith    .   I - +1 chain mail of the Ditch-Digger {rElec rPois Int+4 Dex-2 Slay+6}
rPois    .         Spirit   .   c - +2 helmet
rElec    +         Reflect  .   q - +2 cloak {+Inv}
rCorr    .         Harm     .   e - +0 pair of gloves
MR       +....                  (no boots)
Stlth    ..........             b - amulet of regeneration
HPRegen  0.69/turn              a - +3 ring of protection
MPRegen  0.17/turn              y - +2 ring of dexterity

@: lethally poisoned (-7 -> -8), about to teleport, poison vulnerable, slowed,
constricted, very slow
A: talons 2, iridescent scales 2, cold resistance 1, nightstalker 1, powered by
death 1
a: Minor Destruction, Lesser Servant of Makhleb, Major Destruction, Greater
Servant of Makhleb, Renounce Religion, Evoke Invisibility


You were on level 2 of the Snake Pit.
You worshipped Makhleb.
Makhleb was exalted by your worship.
You were not hungry.

You visited 3 branches of the dungeon, and saw 18 of its levels.

You collected 1129 gold pieces.
You spent 430 gold pieces at shops.

Inventory:

Hand Weapons
 v - a +7 dire flail of freezing (weapon)
Armour
 c - a +2 helmet (worn)
 e - a +0 pair of gloves (worn)
 i - a +0 plate armour of cold resistance
 o - +0 fire dragon scales
 q - a +2 cloak of invisibility (worn)
 z - a +2 scale mail of cold resistance
 I - the +1 chain mail of the Ditch-Digger (worn) {rElec rPois Int+4 Dex-2 Slay+6}
   (You found it on level 6 of the Lair of Beasts)

   It affects your intelligence (+4).
   It affects your dexterity (-2).
   It affects your accuracy and damage with ranged weapons and melee attacks
   (+6).
   It insulates you from electricity.
   It protects you from poison.
Jewellery
 a - a +3 ring of protection (left hand)
 b - an amulet of regeneration (around neck)
 y - a +2 ring of dexterity (right hand)
 E - an uncursed ring of poison resistance
Wands
 l - a wand of clouds (3)
 m - a wand of flame (11)
 p - a wand of paralysis (38)
 x - a wand of digging (5)
 D - a wand of polymorph (15)
Scrolls
 d - 2 scrolls of fog
 n - 11 scrolls of remove curse
 r - 5 scrolls of teleportation
 s - 4 scrolls of identify
 u - 2 scrolls of magic mapping
 C - a scroll of amnesia
 J - a scroll of acquirement {unknown}
Potions
 g - 3 potions of heal wounds
 h - 2 potions of flight
 j - 2 potions of berserk rage
 k - 8 potions of curing
 t - 6 potions of haste
 w - 3 potions of ambrosia
 A - a potion of mutation
 F - 2 potions of might
 G - a potion of magic {unknown}
Comestibles
 f - 27 rations


   Skills:
 + Level 12.4 Fighting
 - Level 14.0 Maces & Flails
 - Level 1.7 Throwing
 + Level 10.9 Armour
 + Level 7.1 Dodging
 * Level 10.3 Evocations


You had 13 spell levels left.
You didn't know any spells.
Your spell library contained the following spells:

 Spells                   Type           Power        Failure   Level  Hunger
 Animate Skeleton         Necr           N/A          97%         1    ##.....
 Apportation              Tloc           #.....       97%         1    ##.....
 Confusing Touch          Hex            #.....       97%         1    ##.....
 Corona                   Hex            #......      97%         1    ##.....
 Summon Small Mammal      Summ           #...         97%         1    ##.....
 Ensorcelled Hibernation  Hex/Ice        #.....       99%         2    ###....
 Confuse                  Hex            #.......     100%        3    ####...
 Dazzling Spray           Conj/Hex       #.....       100%        3    ####...
 Recall                   Summ/Tloc      N/A          100%        3    ####...
 Tukima's Dance           Hex            #.......     100%        3    ####...
 Aura of Abjuration       Summ           #.........   100%        5    ######.
 Summon Demon             Summ           #.........   100%        5    ######.
 Summon Forest            Summ/Tloc      #.........   100%        5    ######.
 Summon Mana Viper        Hex/Summ       #.......     100%        5    ######.
 Shadow Creatures         Summ           N/A          100%        6    #######


Dungeon Overview and Level Annotations

Branches:
Dungeon (10/15)            Temple (0/1) D:6            Lair (6/6) D:8
 Shoals (0/4) Lair:2        Snake (2/4) Lair:4        Slime (0/5) Lair:5
    Orc: D:9-12

Altars:
Ashenzari
Fedhas
Gozag
Makhleb
Sif Muna
Uskayaw
Xom
Zin
Jiyva

Shops:
D:4 :   D:7 !*(   D:10 [

Portals:
Trove: D:10 (give 2 scrolls of acquirement)

Annotations:
D:6 1 runed translucent door, mpzz's ghost, novice TeAE
Lair:5 exclusion: 2 oklob plants


Innate Abilities, Weirdness & Mutations

You have razor-sharp toenails.
You are mostly covered in iridescent scales. (AC +4)
Your flesh is cold resistant. (rC+)
You are slightly more attuned to the shadows.
You regenerate a little health from kills.


Message History

* * * LOW HITPOINT WARNING * * *
As you read the scroll of teleportation, it crumbles to dust.
You feel strangely unstable.
You feel sick. The guardian serpent hits you!
* * * LOW HITPOINT WARNING * * *
The black mamba bites you but does no damage.
A naga comes into view. It is wielding a +0 battleaxe.
The naga ritualist barely misses you. The shock serpent bites you.
* * * LOW HITPOINT WARNING * * *
The shock serpent shocks you. You resist.
* * * LOW HITPOINT WARNING * * *
The naga mage closely misses you.
The guardian serpent hits you but does no damage.
The black mamba bites you but does no damage.
The naga closely misses you. The naga constricts you.
The shock serpent bites you.
* * * LOW HITPOINT WARNING * * *
The shock serpent shocks you. You resist.
* * * LOW HITPOINT WARNING * * *
The guardian serpent hits you!
You die...

#...# ##....## ##......##
.# # ##........###. ##
#.......N..#.#
.#####.........#.#
#..##.........N.N# .
#..#.##........SN# .#
#...###.......NN@######..
##...###.......S#SSN..N##
##...#
##......###NN....##
####.. #....####........#
..# #.#
#######........... ...#
## #.<.......... ...#
##........... ....
............. ...#
#..........N.


You could see 2 naga warriors, a naga ritualist, a shock serpent, 2 guardian
serpents, a black mamba, 2 naga magi and 5 nagas.

Vanquished Creatures
  A fire dragon (Lair:6)
  4 naga warriors (Snake:1)
  4 hydras
  A two-headed ogre (D:9)
  4 anacondas
  2 shock serpents
  2 naga sharpshooters (Snake:1)
  Sonja (D:10)
  A fire crab (Lair:6)
  A naga ritualist (Snake:1)
  4 mana vipers (Snake:1)
  An oklob plant (Lair:5)
  2 salamanders (Snake:1)
  3 naga magi (Snake:1)
  24 black mambas
  5 elephants (Lair:5)
  A guardian serpent (Snake:1)
  10 spiny frogs
  2 molten gargoyles (Lair:6)
  11 komodo dragons
  2 polar bears
  Grinder (D:3)
  4 slime creatures (D:8)
  9 hippogriffs
  21 blink frogs
  A wraith (D:10)
  5 wyverns
  3 fire bats (Lair:3)
  8 basilisks
  A hungry ghost (D:7)
  41 yaks
  17 nagas
  17 water moccasins
  4 hell hounds (Lair:6)
  9 porcupines
  3 orc warriors
  2 sky beasts
  4 ice beasts
  A black bear (D:9)
  A phantom (D:4)
  A necrophage (D:6)
  3 centaurs
  3 ogres
  13 crocodiles
  14 wolves
  15 bullfrogs
  A wyvern zombie (D:6)
  2 gnoll sergeants (D:9)
  4 scorpions
  8 wights
  11 killer bees
  A howler monkey (D:9)
  3 electric eels (Lair:3)
  5 lava snakes (Lair:6)
  3 crimson imps
  2 bullfrog zombies
  2 quasits
  4 hounds
  4 jellies
  A centaur skeleton (D:10)
  6 orc wizards
  3 orc priests
  A gnoll shaman (D:10)
  15 worker ants
  2 hound skeletons
  A hound zombie (D:5)
  2 worker ant zombies
  22 gnolls
  14 adders
  2 river rats (D:3)
  A shadow imp (D:10)
  An adder zombie (D:8)
  4 worms
  2 dart slugs
  A leopard gecko (D:6)
  39 orcs
  2 bats
  A bat zombie (D:1)
  6 giant cockroaches
  5 goblins
  7 hobgoblins
  3 jackals (D:4)
  3 quokkas
  10 frilled lizards
  9 kobolds
  2 leopard gecko zombies
  2 quokka skeletons (D:8)
  6 rats
510 creatures vanquished.

Vanquished Creatures (collateral kills)
  A porcupine (Lair:5)
1 creature vanquished.

Vanquished Creatures (others)
  A water moccasin (Lair:5)
  An orc (D:8)
  4 fungi
  3 plants
  2 withered plants (D:6)
11 creatures vanquished.

Grand Total: 522 creatures vanquished

Notes
Turn   | Place    | Note
-------+----------+-------------------------------------------
     0 | D:1      | Frank2 the Demonspawn Gladiator began the quest for the
                  | Orb.
     0 | D:1      | Reached XP level 1. HP: 16/16 MP: 1/1
   286 | D:1      | Reached skill level 3 in Maces & Flails
   286 | D:1      | Gained mutation: You are partially covered in iridescent
                  | scales. (AC +2) [demonic ancestry]
   286 | D:1      | Reached XP level 2. HP: 16/23 MP: 2/2
   802 | D:2      | Reached XP level 3. HP: 28/28 MP: 3/3
  1051 | D:2      | Gained mutation: You are slightly more attuned to the
                  | shadows. [demonic ancestry]
  1051 | D:2      | Reached XP level 4. HP: 16/34 MP: 4/4
  1143 | D:2      | Noticed an angel
  1144 | D:2      | Found a shimmering altar of Xom.
  1181 | D:2      | Found a glowing silver altar of Zin.
  1242 | D:3      | Noticed Grinder
  1269 | D:3      | Reached skill level 1 in Armour
  1278 | D:3      | Reached skill level 4 in Maces & Flails
  1319 | D:3      | Reached XP level 5. HP: 25/40 MP: 5/5
  1344 | D:3      | Paralysed by Grinder for 6 turns
  1367 | D:3      | Killed Grinder
  1367 | D:3      | Reached skill level 5 in Maces & Flails
  1367 | D:3      | Reached XP level 6. HP: 14/47 MP: 6/6
  2214 | D:4      | Found Otiemm's Book Boutique.
  2383 | D:4      | Gained mutation: You have sharp toenails. [demonic
                  | ancestry]
  2383 | D:4      | Reached XP level 7. HP: 41/52 MP: 7/7
  2560 | D:4      | Reached skill level 6 in Maces & Flails
  3035 | D:5      | Entered Level 5 of the Dungeon
  3155 | D:5      | Found a hide-covered altar of Uskayaw.
  3427 | D:5      | Reached XP level 8. HP: 48/60 MP: 8/8
  3584 | D:6      | Reached skill level 7 in Maces & Flails
  3639 | D:6      | Found a runed translucent door.
  3641 | D:6      | Noticed mpzz's ghost (novice TeAE)
  3713 | D:6      | Reached skill level 1 in Evocations
  3947 | D:6      | Found a staircase to the Ecumenical Temple.
  3994 | D:6      | Found a blossoming altar of Fedhas.
  4050 | D:6      | Identified the +1 robe of Tartarus {rC+++ Regen+ Dex-2}
  4374 | D:6      | Found a burning altar of Makhleb.
  4387 | D:6      | Became a worshipper of Makhleb the Destroyer
  4721 | D:7      | Found Gyfumoaf's Antique Weapon Boutique.
  4749 | D:7      | Reached skill level 5 in Fighting
  4831 | D:7      | Found a shattered altar of Ashenzari.
  4836 | D:7      | Found Fuenyed's General Store.
  4850 | D:7      | Bought a scroll of enchant armour for 90 gold pieces
  4850 | D:7      | Bought a wand of paralysis (7) for 108 gold pieces
  4881 | D:7      | Reached skill level 8 in Maces & Flails
  4881 | D:7      | Reached XP level 9. HP: 68/68 MP: 11/11
  5321 | D:7      | Found Eneczaff's Distillery.
  5588 | D:8      | Reached * piety under Makhleb
  5624 | D:8      | Reached skill level 9 in Maces & Flails
  5626 | D:8      | Reached skill level 5 in Armour
  5852 | D:8      | Reached XP level 10. HP: 41/76 MP: 13/13
  6172 | D:8      | Found a staircase to the Lair.
  6197 | D:9      | Reached skill level 10 in Maces & Flails
  6215 | D:9      | Reached ** piety under Makhleb
  6590 | D:9      | Found an opulent altar of Gozag.
  6745 | D:9      | Noticed a two-headed ogre
  6753 | D:9      | Killed a two-headed ogre
  6753 | D:9      | Reached skill level 11 in Maces & Flails
  6753 | D:9      | Reached skill level 5 in Dodging
  6753 | D:9      | Reached skill level 5 in Evocations
  6837 | D:9      | Found a shimmering blue altar of Sif Muna.
  6884 | D:10     | Entered Level 10 of the Dungeon
  6898 | D:10     | Noticed Sonja
  6904 | D:10     | Killed Sonja
  6904 | D:10     | Reached *** piety under Makhleb
  7056 | D:10     | Found Bofenk's Antique Armour Boutique.
  7059 | D:10     | Bought a glowing cloak for 232 gold pieces
  7071 | D:10     | Found a portal to a secret trove of treasure.
  7227 | D:10     | Got a faintly humming leather armour
  7238 | D:10     | Identified the +3 leather armour "Otougap" {rPois rN+
                  | Regen+ Dex-5} (You found it on level 10 of the Dungeon)
  7277 | D:10     | Gained mutation: You are mostly covered in iridescent
                  | scales. (AC +4) [demonic ancestry]
  7277 | D:10     | Reached XP level 11. HP: 83/83 MP: 15/15
  7512 | Lair:1   | Entered Level 1 of the Lair of Beasts
  7625 | Lair:1   | Noticed a five-headed hydra
  7635 | Lair:1   | Killed a five-headed hydra
  7635 | Lair:1   | Reached skill level 12 in Maces & Flails
  8191 | Lair:2   | Found a staircase to the Shoals.
  8222 | Lair:2   | Reached **** piety under Makhleb
  8582 | Lair:2   | Reached skill level 13 in Maces & Flails
  8862 | Lair:3   | Gained mutation: You have razor-sharp toenails. [demonic
                  | ancestry]
  8862 | Lair:3   | Reached XP level 12. HP: 92/92 MP: 16/16
  9144 | Lair:3   | You fall into a shaft and drop 3 floors!
  9144 | Lair:6   | Entered Level 6 of the Lair of Beasts
  9144 | Lair:6   | Noticed a five-headed hydra
  9276 | Lair:5   | Reached ***** piety under Makhleb
  9426 | Lair:5   | Reached skill level 14 in Maces & Flails
  9737 | Lair:4   | Noticed a six-headed hydra
  9746 | Lair:4   | Killed a six-headed hydra
  9920 | Lair:4   | Found a staircase to the Snake Pit.
  9956 | Lair:4   | Gained mutation: Your flesh is cold resistant. (rC+)
                  | [demonic ancestry]
  9956 | Lair:4   | Reached XP level 13. HP: 78/101 MP: 19/19
 10965 | Lair:5   | Found a viscous altar of Jiyva.
 10966 | Lair:5   | Found a staircase to the Slime Pits.
 11662 | Lair:6   | Identified the +1 chain mail of the Ditch-Digger {rElec
                  | rPois Int+4 Dex-2 Slay+6} (You found it on level 6 of the
                  | Lair of Beasts)
 11754 | Lair:6   | Reached skill level 10 in Fighting
 12043 | Lair:6   | Reached ****** piety under Makhleb
 12237 | Lair:6   | Found a large runed translucent door.
 12237 | Lair:6   | Found a large runed translucent door.
 12713 | Lair:6   | Noticed a fire dragon
 12777 | Lair:6   | Killed a fire dragon
 12889 | Snake:1  | Entered Level 1 of the Snake Pit
 12965 | Snake:1  | Gained mutation: You regenerate a little health from kills.
                  | [demonic ancestry]
 12965 | Snake:1  | Reached XP level 14. HP: 113/113 MP: 21/21
 13079 | Snake:1  | Reached skill level 10 in Armour
 13355 | Snake:1  | Reached skill level 10 in Evocations
 13403 | Snake:1  | Found a shattered altar of Ashenzari.
 14199 | Snake:2  | HP: 3/116 [shock serpent (4)]
 14199 | Snake:2  | Mangled by a guardian serpent

Levels and vault maps discovered:
D:1:      saegor_arrival_fortress, layout_loops_cross
D:2:      layout_basic, grunt_temple_overflow_order_and_chaos_1
D:3:      layout_basic, lightli_sewer_entry_pipes, nrook_mini_vaults,
          uniq_grinder
D:4:      layout_basic, serial_shops, shop, serial_corexii_hall,
          corexii_hall_statues_l, corexii_hall_statues_x, first_ration,
          minmay_ruptured
D:5:      layout_basic, kennysheep_mini_moat, kennysheep_generic_room_15
D:6:      layout_basic, marbit_many_paths, minmay_temple_entry_ruins,
          gammafunk_ghost_grave, makhleb_blood_cavern_becter
D:7:      layout_loops_corners, kennysheep_little_box, serial_shops,
          nicolae_shop_statue_plus, nicolae_shop_crystal, shop
D:8:      layout_rooms, lair_entry_dummy
D:9:      layout_basic, grunt_gozag_breadcrumbs, led_sif_pool
D:10:     layout_roguey, enter_trove_2, serial_shops, nicolae_shop_behind_doors,
          grunt_pizzeria, serial_park_tiny_2, uniq_sonja
Lair:1:   layout_loops_ring
Lair:2:   layout_layer_cave, elwin_shoals_entry_rocks, minivault_23
Lair:3:   layout_chaotic_city, nicolae_volcano_entry_batcave,
          serial_bayou_lagoon_b, infiniplex_staircase_pool_2
Lair:4:   beast_lair_carwin_large_3, layout_misc_corridors,
          minmay_snake_entry_guardpost_large
Lair:5:   layout_concentric_octagons, dpeg_slime_entry_enclosed_altar,
          minmay_lair_oklob_chamber
Lair:6:   cheibrodos_lair_end_hotspot, layout_regular_city, serial_bayou_shore_a
Snake:1:  layout_layer_cave, basic_altar
Snake:2:  layout_chambers, serial_shops, shop_statue

Skill      XL: |  1  2  3  4  5  6  7  8  9 10 11 12 13 14 |
---------------+-------------------------------------------+-----
Maces & Flails | 3 4 5 6 8 9 11 13 14 | 14.0
Dodging        | 3 4 5 6 7 |  7.1
Armour         | 1 2 3 4 5 6 7 9 10 | 10.9
Fighting       | 3 4 5 6 7 9 11 12 | 12.4
Evocations     | 2 4 5 6 8 9 10 | 10.3
Throwing       | |  1.7

Action                   |  1- 3 |  4- 6 |  7- 9 | 10-12 | 13-15 || total
-------------------------+-------+-------+-------+-------+-------++-------
Melee: Flail             |    92 |   231 |   315 |       |       ||   638
       Kick              |       |       |   137 |   259 |   167 ||   563
       Dire flail        |       |       |   105 |   719 |   507 ||  1331
Throw: Throwing net      |     3 |     4 |     2 |       |       ||     9
Evoke: Wand              |       |       |     3 |     5 |     6 ||    14
  Use: Scroll            |     2 |     8 |    11 |    14 |     9 ||    44
       Potion            |     2 |     5 |       |     3 |     4 ||    14
 Stab: Invisible         |       |     1 |       |       |       ||     1
       Sleeping          |       |     2 |     1 |       |     1 ||     4
       Paralysed         |       |       |     7 |     5 |       ||    12
       Distracted        |       |       |       |     1 |       ||     1
  Eat: Chunk             |       |     5 |     9 |    10 |    14 ||    38
       Ration            |       |       |     2 |     1 |       ||     3
Armor: Leather armour    |    18 |       |       |       |       ||    18
       Scale mail        |    17 |    84 |   234 |   373 |    80 ||   788
       Skin              |       |    18 |       |       |       ||    18
       Chain mail        |       |       |       |       |   223 ||   223
Dodge: Dodged            |    55 |   138 |   236 |   446 |   271 ||  1146
